Canucks vs Panthers
Created - January 25, 2024 at 19:38
Goals
|
| Canucks |
1 |
2 |
1 |
4 |
| Panthers |
2 |
1 |
0 |
3 |
|
Shots
|
| Canucks |
9 |
12 |
10 |
31 |
| Panthers |
9 |
12 |
7 |
28 |
|
1st period
1. Canucks , Robert Nilsson 13 (Chris Bourque 14) at 5:21 (PP)
2. Panthers , Kris Versteeg 18 (Matt Duchene 38) at 12:03 (PP)
3. Panthers , Kris Versteeg 19 (Matt Duchene 39, Kirill Kaprizov 10) at 12:29
Penalties :
Lawson Crouse (Van) for High sticking (Minor) at 0:11, Kris Versteeg (Flo) for Slashing (Minor) at 4:01, Ben Harpur (Van) for Hooking (Minor) at 7:53, Gilbert Brule (Van) for Hooking (Minor) at 12:01, Kirill Kaprizov (Flo) for Tripping (Minor) at 18:08
2nd period
4. Canucks , Alexander Kerfoot 9 (J.T. Miller 28) at 4:55 (PP)
5. Canucks , Teemu Hartikainen 4 (Gilbert Brule 9) at 7:30
6. Panthers , Kris Versteeg 20 (Danny DeKeiser 8, Matt Duchene 40) at 16:03
Penalties :
Victor Oreskovich (Flo) for Slashing (Minor) at 4:50, Kris Versteeg (Flo) for Holding (Minor) at 13:47
3rd period
7. Canucks , Chris Bourque 12 (Robert Nilsson 14, Travis Hamonic 11) at 7:58
Penalties :
Robert Nilsson (Van) for Holding (Minor) at 1:23, Matt Duchene (Flo) for Hooking (Minor) at 4:33, Tony DeAngelo (Van) for High sticking (Minor) at 11:17, Lawson Crouse (Van) for Hooking (Minor) at 18:23
Goalie Stats
Petr Mrazek (Van), 25 saves from 28 shots - (0.893), W, 22-10-3, 60:00 minutes
Ville Husso (Flo), 27 saves from 31 shots - (0.871), L, 17-6-2, 59:10 minutes
Players Stats for Canucks
Player Name G A P +/- PIM S H SB GA TA FO MP PP MP PK MP
------------------------------------------------------------------------------------
Alex Tuch 0 0 0 1 0 0 0 0 0 0 0/0 7:08 0:02 0:00
Alexander Kerfoot 1 0 1 -1 0 3 2 1 1 0 27/39 20:41 4:10 0:00
Ben Harpur 0 0 0 1 2 0 0 0 0 0 0/0 10:49 2:30 0:33
Brent Seabrook 0 0 0 1 0 1 1 0 0 0 0/0 11:25 0:00 3:36
Chris Bourque 1 1 2 1 0 4 2 0 0 0 0/1 19:05 3:10 3:31
Denis Gurianov 0 0 0 1 0 0 1 1 1 0 0/0 16:42 4:10 0:00
Derek Roy 0 0 0 -1 0 2 1 0 0 0 2/5 11:43 0:00 3:34
Gilbert Brule 0 1 1 1 2 1 1 0 0 0 2/3 8:43 0:02 2:48
Ilya Kovalchuk 0 0 0 -1 0 0 0 0 0 0 0/0 8:09 0:00 0:00
J.T. Miller 0 1 1 -1 0 8 0 2 0 0 0/0 25:11 4:12 5:28
Jeremy Morin 0 0 0 -1 0 0 1 0 0 0 0/1 8:22 0:00 0:13
Lawson Crouse 0 0 0 -1 4 3 2 1 1 0 1/1 19:37 3:10 0:00
Oliver Ekman-Larsson 0 0 0 0 0 1 2 1 3 1 0/0 28:37 4:52 5:48
Robert Nilsson 1 1 2 1 2 3 2 0 0 1 9/16 19:15 3:10 3:34
Teemu Hartikainen 1 0 1 1 0 1 0 0 0 0 0/0 5:45 0:00 0:00
Tony DeAngelo 0 0 0 -1 2 1 0 0 0 0 0/0 19:57 2:30 0:10
Travis Hamonic 0 1 1 0 0 1 1 2 0 1 0/0 28:37 4:52 5:48
Tyler Myers 0 0 0 -1 0 2 1 2 1 0 0/0 20:34 0:00 3:13
Players Stats for Panthers
Player Name G A P +/- PIM S H SB GA TA FO MP PP MP PK MP
------------------------------------------------------------------------------------
Alex Goligoski 0 0 0 0 0 2 0 3 1 0 0/0 21:03 4:57 2:32
Alex Iafallo 0 0 0 0 0 2 4 0 0 1 1/1 18:45 4:08 2:55
Alex Pietrangelo 0 0 0 1 0 1 1 0 0 1 0/0 29:39 5:07 4:50
Alexander Semin 0 0 0 0 0 4 0 1 0 0 0/0 9:21 0:18 0:29
Blake Geoffrion 0 0 0 -2 0 1 2 0 0 0 0/0 7:38 0:00 0:00
Danny DeKeiser 0 1 1 1 0 3 3 1 1 2 0/0 24:32 0:03 4:50
Elias Lindholm 0 0 0 0 0 2 0 0 0 0 2/4 9:46 0:00 1:12
Griffin Reinhart 0 0 0 -1 0 0 0 0 0 0 0/0 14:47 4:37 0:00
Jerry D'Amigo 0 0 0 -2 0 2 0 0 0 0 0/0 7:38 0:00 0:00
Kirill Kaprizov 0 1 1 2 2 0 2 0 0 0 1/2 20:06 5:08 0:00
Kris Versteeg 3 0 3 2 4 5 1 0 1 2 0/2 23:15 5:26 2:41
Matt Duchene 0 3 3 2 2 2 3 0 0 0 12/31 20:13 5:26 0:00
Miro Aaltonen 0 0 0 0 0 0 4 0 0 0 2/8 18:46 4:08 2:49
Nikita Tryamkin 0 0 0 -1 0 3 1 0 0 0 0/0 14:02 4:24 0:00
Niklas Hansson 0 0 0 0 0 0 2 0 0 0 0/0 15:57 0:00 2:32
Petr Straka 0 0 0 0 0 0 2 0 0 1 0/0 8:34 0:00 0:00
Quinton Howden 0 0 0 -2 0 1 2 0 0 0 7/17 12:42 0:00 4:38
Victor Oreskovich 0 0 0 0 2 0 3 1 0 0 0/1 15:49 4:08 0:00
3 Stars
1 - Kris Versteeg (Flo)
2 - Chris Bourque (Van)
3 - Matt Duchene (Flo)
Power Play
Canucks - 2 on 5 Attempt(s) - 40.00%
Panthers - 1 on 6 Attempt(s) - 16.67%
Penalty Kill
Canucks - 5 on 6 Attempt(s) - 83.33%
- Score 0 goal in Penalty Kill
Panthers - 3 on 5 Attempt(s) - 60.00%
- Score 0 goal in Penalty Kill
Team Stat
Canucks - Hits : 17 - Faceoff Wins : 41 - Blocked Shots : 10 - Penalty Minutes : 12
Panthers - Hits : 30 - Faceoff Wins : 25 - Blocked Shots : 6 - Penalty Minutes : 10
Official
Referees : Marc Joannette and Kendrick Nicholson
Linesman : Kiel Murchison and David Brisebois
Game Notes
Kris Versteeg has scored a Hat Trick!
Finance
Level 1 -- Attendance: 6000 (100.00%) -- Ticket Income $600,000
Level 2 -- Attendance: 5000 (100.00%) -- Ticket Income $300,000
Level 3 -- Attendance: 2000 (100.00%) -- Ticket Income $70,000
Level 4 -- Attendance: 3621 (90.53%) -- Ticket Income $90,525
Luxury Box -- Attendance: 969 (96.90%) -- Ticket Income $193,800
Game was played at the BBT Center.
Total Attendance: 17590 (97.72%)
Total Ticket Income: $1,254,325
Other Income: $188,149
Total Income: $1,442,474
Canucks
5 vs 5 Forward
Center Left Wing Right Wing Time % Phy DF OF
1 Alexander Kerfoot J.T. Miller Lawson Crouse 56 1 2 2
2 Robert Nilsson Chris Bourque Denis Gurianov 30 1 2 2
3 Derek Roy Jeremy Morin Ilya Kovalchuk 10 1 2 2
4 Gilbert Brule Teemu Hartikainen Alex Tuch 4 1 2 2
5 vs 5 Defense
Defense Defense Time % Phy DF OF
1 Oliver Ekman-Larsson Travis Hamonic 56 1 2 2
2 Tyler Myers Tony DeAngelo 30 1 2 2
3 Ben Harpur Brent Seabrook 10 1 2 2
4 Oliver Ekman-Larsson Travis Hamonic 4 1 2 2
PowerPlay Forward
Center Left Wing Right Wing Time % Phy DF OF
1 Alexander Kerfoot J.T. Miller Denis Gurianov 60 1 2 2
2 Robert Nilsson Chris Bourque Lawson Crouse 40 1 2 2
PowerPlay Defense
Defense Defense Time % Phy DF OF
1 Oliver Ekman-Larsson Travis Hamonic 60 1 2 2
2 Ben Harpur Tony DeAngelo 40 1 2 2
Penalty Kill 4 Players Forward
Center Wing Time % Phy DF OF
1 Robert Nilsson J.T. Miller 60 1 2 2
2 Derek Roy Chris Bourque 40 1 2 2
Penalty Kill 4 Players Defense
Defense Defense Time % Phy DF OF
1 Oliver Ekman-Larsson Travis Hamonic 60 1 2 2
2 Tyler Myers Brent Seabrook 40 1 2 2
Penalty Kill - 3 Players Forward
Forward Time % Phy DF OF
1 Robert Nilsson 60 1 2 2
2 Derek Roy 40 1 2 2
Penalty Kill - 3 Players Defense
Defense Defense Time % Phy DF OF
1 Oliver Ekman-Larsson Travis Hamonic 60 1 2 2
2 Tyler Myers Brent Seabrook 40 1 2 2
4 vs 4 Forward
Center Wing Time % Phy DF OF
1 Alexander Kerfoot J.T. Miller 60 1 2 2
2 Robert Nilsson Lawson Crouse 40 1 2 2
4 vs 4 Defense
Defense Defense Time % Phy DF OF
1 Oliver Ekman-Larsson Travis Hamonic 60 1 2 2
2 Tyler Myers Tony DeAngelo 40 1 2 2
Last Minutes Offensive
Center Left Wing Right Wing Defense Defense
Alexander Kerfoot J.T. Miller Denis Gurianov Oliver Ekman-Larsson Travis Hamonic
Last Minutes Defensive
Center Left Wing Right Wing Defense Defense
Alexander Kerfoot J.T. Miller Denis Gurianov Oliver Ekman-Larsson Travis Hamonic
Goaltenders
Starting : Petr Mrazek
Backup : Matt Hackett
Extra Forwards
Normal : Gilbert Brule, Chris Bourque, Alex Tuch - PP : Gilbert Brule, Chris Bourque - PK : Gilbert Brule
Extra Defensemen
Normal : Brent Seabrook, Ben Harpur, Tony DeAngelo - PP : Brent Seabrook - PK : Brent Seabrook, Ben Harpur
Penalty Shots
J.T. Miller, Robert Nilsson, Alexander Kerfoot, Lawson Crouse, Denis Gurianov
Custom OT Lines Forwards
J.T. Miller, Robert Nilsson, Derek Roy, Ilya Kovalchuk, Gilbert Brule, Chris Bourque, Alex Tuch, Jeremy Morin, Alexander Kerfoot, Lawson Crouse
Custom OT Lines Defensemen
Oliver Ekman-Larsson, Travis Hamonic, Tyler Myers, Brent Seabrook, Tony DeAngelo
Scratches
None
Panthers
5 vs 5 Forward
Center Left Wing Right Wing Time % Phy DF OF
1 Matt Duchene Kirill Kaprizov Kris Versteeg 40 0 2 3
2 Miro Aaltonen Alex Iafallo Victor Oreskovich 30 0 2 3
3 Elias Lindholm Alexander Semin Petr Straka 20 1 2 2
4 Quinton Howden Blake Geoffrion Jerry D'Amigo 10 1 2 2
5 vs 5 Defense
Defense Defense Time % Phy DF OF
1 Alex Pietrangelo Danny DeKeiser 40 0 2 3
2 Alex Goligoski Niklas Hansson 30 0 2 3
3 Griffin Reinhart Nikita Tryamkin 20 1 2 2
4 Alex Pietrangelo Danny DeKeiser 10 0 2 3
PowerPlay Forward
Center Left Wing Right Wing Time % Phy DF OF
1 Matt Duchene Kirill Kaprizov Kris Versteeg 60 0 1 4
2 Miro Aaltonen Alex Iafallo Victor Oreskovich 40 0 1 4
PowerPlay Defense
Defense Defense Time % Phy DF OF
1 Alex Pietrangelo Griffin Reinhart 60 0 2 3
2 Alex Goligoski Nikita Tryamkin 40 0 2 3
Penalty Kill 4 Players Forward
Center Wing Time % Phy DF OF
1 Quinton Howden Kris Versteeg 60 1 3 1
2 Miro Aaltonen Alex Iafallo 40 1 3 1
Penalty Kill 4 Players Defense
Defense Defense Time % Phy DF OF
1 Alex Pietrangelo Danny DeKeiser 60 1 3 1
2 Alex Goligoski Niklas Hansson 40 1 3 1
Penalty Kill - 3 Players Forward
Forward Time % Phy DF OF
1 Kris Versteeg 60 1 3 1
2 Quinton Howden 40 1 3 1
Penalty Kill - 3 Players Defense
Defense Defense Time % Phy DF OF
1 Alex Pietrangelo Danny DeKeiser 60 1 3 1
2 Alex Goligoski Niklas Hansson 40 1 3 1
4 vs 4 Forward
Center Wing Time % Phy DF OF
1 Matt Duchene Kirill Kaprizov 60 0 2 3
2 Miro Aaltonen Kris Versteeg 40 0 2 3
4 vs 4 Defense
Defense Defense Time % Phy DF OF
1 Alex Pietrangelo Danny DeKeiser 60 0 2 3
2 Alex Goligoski Niklas Hansson 40 1 2 2
Last Minutes Offensive
Center Left Wing Right Wing Defense Defense
Matt Duchene Kirill Kaprizov Kris Versteeg Alex Pietrangelo Alex Goligoski
Last Minutes Defensive
Center Left Wing Right Wing Defense Defense
Quinton Howden Alex Iafallo Kris Versteeg Danny DeKeiser Niklas Hansson
Goaltenders
Starting : Ville Husso
Backup : Brian Elliott
Extra Forwards
Normal : Alex Iafallo, Matt Duchene, Kris Versteeg - PP : Miro Aaltonen, Matt Duchene - PK : Miro Aaltonen
Extra Defensemen
Normal : Alex Goligoski, Alex Pietrangelo, Danny DeKeiser - PP : Alex Pietrangelo - PK : Alex Goligoski, Niklas Hansson
Penalty Shots
Quinton Howden, Alexander Semin, Miro Aaltonen, Kris Versteeg, Matt Duchene
Custom OT Lines Forwards
Matt Duchene, Kris Versteeg, Alex Iafallo, Alexander Semin, Miro Aaltonen, Quinton Howden, Blake Geoffrion, Elias Lindholm, Kirill Kaprizov, Petr Straka
Custom OT Lines Defensemen
Alex Pietrangelo, Alex Goligoski, Niklas Hansson, Danny DeKeiser, Griffin Reinhart
Scratches
None
% Time on Ice - Canucks
Lines # - Real PCT - Wanted PCT - Time Play
Normal Forward
1 - 39% - 56% - 16:49
2 - 29% - 30% - 12:21
3 - 19% - 10% - 8:09
4 - 13% - 4% - 5:45
Normal Defense
1 - 42% - 56% - 17:57
2 - 41% - 30% - 17:36
3 - 17% - 10% - 7:31
4 - 0% - 4% - 0:00
PP Forward
1 - 57% - 60% - 4:12
2 - 43% - 40% - 3:10
PP Defense
1 - 66% - 60% - 4:52
2 - 34% - 40% - 2:30
PK Forward
1 - 75% - 60% - 7:12
2 - 25% - 40% - 2:22
PK Defense
1 - 61% - 60% - 5:48
2 - 39% - 40% - 3:46
PK3 Forward
1 - 0% - 60%
2 - 0% - 40%
PK3 Defense
1 - 0% - 60%
2 - 0% - 40%
44 Forward
1 - 0% - 60%
2 - 0% - 40%
44 Defense
1 - 0% - 60%
2 - 0% - 40%
Last Minute Offensive - 0:00
Last Minute Defensive - 0:00
Total
Forward - 60:00
Defense - 60:00
|
% Time on Ice - Panthers
Lines # - Real PCT - Wanted PCT - Time Play
Normal Forward
1 - 35% - 40% - 15:10
2 - 27% - 30% - 11:42
3 - 20% - 20% - 8:34
4 - 18% - 10% - 7:38
Normal Defense
1 - 43% - 40% - 18:22
2 - 31% - 30% - 13:25
3 - 22% - 20% - 9:38
4 - 4% - 10% - 1:39
PP Forward
1 - 57% - 60% - 5:26
2 - 43% - 40% - 4:08
PP Defense
1 - 54% - 60% - 5:10
2 - 46% - 40% - 4:24
PK Forward
1 - 83% - 60% - 6:07
2 - 17% - 40% - 1:15
PK Defense
1 - 66% - 60% - 4:50
2 - 34% - 40% - 2:32
PK3 Forward
1 - 0% - 60%
2 - 0% - 40%
PK3 Defense
1 - 0% - 60%
2 - 0% - 40%
44 Forward
1 - 0% - 60%
2 - 0% - 40%
44 Defense
1 - 0% - 60%
2 - 0% - 40%
Last Minute Offensive - 0:00
Last Minute Defensive - 0:00
Total
Forward - 60:00
Defense - 60:00
|
Play-by-Play
1st period
0:01 of 1st period - Alexander Kerfoot wins face-off versus Matt Duchene in neutral zone.
0:06 of 1st period - Slapshot by J.T. Miller.
0:06 of 1st period - Stopped by Ville Husso with a rebound.
0:11 of 1st period - Minor Penalty to Lawson Crouse for High sticking.
0:12 of 1st period - Robert Nilsson wins face-off versus Matt Duchene in Canucks zone.
1:09 of 1st period - Off-side.
1:10 of 1st period - Derek Roy wins face-off versus Miro Aaltonen in neutral zone.
1:13 of 1st period - Miro Aaltonen is hit by Chris Bourque and loses puck.
1:32 of 1st period - Snap shot by Robert Nilsson.
1:32 of 1st period - Stopped by Ville Husso with a rebound.
2:04 of 1st period - Travis Hamonic is hit by Miro Aaltonen and loses puck.
2:11 of 1st period - Penalty to Lawson Crouse is over, Lawson Crouse is back on ice.
2:29 of 1st period - Slapshot by Oliver Ekman-Larsson.
2:29 of 1st period - Shot Blocked by Alex Goligoski.
2:31 of 1st period - Slapshot by Oliver Ekman-Larsson.
2:31 of 1st period - Deflect By Teemu Hartikainen.
2:31 of 1st period - Shot Misses the Net.
2:31 of 1st period - Puck is out of play.
2:32 of 1st period - Alexander Kerfoot wins face-off versus Quinton Howden in Panthers zone.
3:24 of 1st period - Slapshot by Alex Goligoski.
3:24 of 1st period - Deflect By Alex Iafallo.
3:24 of 1st period - Stopped by Petr Mrazek with a rebound.
3:36 of 1st period - Slapshot by J.T. Miller.
3:36 of 1st period - Stopped by Ville Husso with a rebound.
3:40 of 1st period - Snap shot by Alexander Kerfoot.
3:40 of 1st period - Shot Hit the Post.
3:56 of 1st period - Wrist shot by Chris Bourque.
3:56 of 1st period - Stopped by Ville Husso without a rebound.
3:57 of 1st period - Alexander Kerfoot wins face-off versus Matt Duchene in Panthers zone.
4:01 of 1st period - Minor Penalty to Kris Versteeg for Slashing.
4:02 of 1st period - Alexander Kerfoot wins face-off versus Quinton Howden in Panthers zone.
4:02 of 1st period - Wrist shot by J.T. Miller.
4:02 of 1st period - Shot Misses the Net.
4:04 of 1st period - Wrist shot by J.T. Miller.
4:04 of 1st period - Deflect By Alexander Kerfoot.
4:04 of 1st period - Shot Misses the Net.
4:04 of 1st period - Puck is out of play.
4:05 of 1st period - Alexander Kerfoot wins face-off versus Miro Aaltonen in Panthers zone.
4:06 of 1st period - Wrist shot by J.T. Miller.
4:06 of 1st period - Stopped by Ville Husso without a rebound.
4:07 of 1st period - Alexander Kerfoot wins face-off versus Quinton Howden in Panthers zone.
4:55 of 1st period - Icing by Denis Gurianov.
4:56 of 1st period - Alexander Kerfoot wins face-off versus Elias Lindholm in Canucks zone.
5:21 of 1st period - Slapshot by Robert Nilsson.
5:21 of 1st period - Goal by Robert Nilsson - Canucks : 1 - Panthers : 0.
5:22 of 1st period - Kirill Kaprizov wins face-off versus Alexander Kerfoot in neutral zone.
5:56 of 1st period - Slapshot by Alex Iafallo.
5:56 of 1st period - Shot Misses the Net.
7:53 of 1st period - Minor Penalty to Ben Harpur for Hooking.
7:54 of 1st period - Robert Nilsson wins face-off versus Matt Duchene in Canucks zone.
8:21 of 1st period - Travis Hamonic is hit by Alex Iafallo and loses puck.
9:20 of 1st period - Chris Bourque is hit by Victor Oreskovich and loses puck.
9:41 of 1st period - Miro Aaltonen is hit by Derek Roy and loses puck.
9:53 of 1st period - Penalty to Ben Harpur is over, Ben Harpur is back on ice.
10:19 of 1st period - Niklas Hansson is hit by Jeremy Morin and loses puck.
10:30 of 1st period - Tyler Myers is hit by Quinton Howden and loses puck.
11:09 of 1st period - Oliver Ekman-Larsson is hit by Petr Straka and loses puck.
11:24 of 1st period - Derek Roy is hit by Niklas Hansson and loses puck.
11:41 of 1st period - Snap shot by Lawson Crouse.
11:41 of 1st period - Shot Misses the Net.
12:01 of 1st period - Minor Penalty to Gilbert Brule for Hooking.
12:02 of 1st period - Matt Duchene wins face-off versus Robert Nilsson in Canucks zone.
12:03 of 1st period - Wrist shot by Kris Versteeg.
12:03 of 1st period - Goal by Kris Versteeg - Canucks : 1 - Panthers : 1.
12:04 of 1st period - Alexander Kerfoot wins face-off versus Matt Duchene in neutral zone.
12:06 of 1st period - Off-side.
12:07 of 1st period - Matt Duchene wins face-off versus Alexander Kerfoot in neutral zone.
12:11 of 1st period - Off-side.
12:12 of 1st period - Alexander Kerfoot wins face-off versus Kirill Kaprizov in neutral zone.
12:25 of 1st period - Wrist shot by Matt Duchene.
12:25 of 1st period - Shot Misses the Net.
12:27 of 1st period - Wrist shot by Kris Versteeg.
12:27 of 1st period - Shot Blocked by J.T. Miller.
12:29 of 1st period - Slapshot by Kris Versteeg.
12:29 of 1st period - Goal by Kris Versteeg - Canucks : 1 - Panthers : 2.
12:30 of 1st period - Alexander Kerfoot wins face-off versus Matt Duchene in neutral zone.
14:00 of 1st period - Quinton Howden is hit by Lawson Crouse and loses puck.
14:15 of 1st period - Alex Pietrangelo is hit by Denis Gurianov.
14:35 of 1st period - Alex Pietrangelo is hit by Gilbert Brule and loses puck.
15:34 of 1st period - Wrist shot by Derek Roy.
15:34 of 1st period - Stopped by Ville Husso without a rebound.
15:35 of 1st period - Quinton Howden wins face-off versus Derek Roy in Panthers zone.
15:44 of 1st period - Slapshot by Quinton Howden.
15:44 of 1st period - Shot Misses the Net.
15:52 of 1st period - Wrist shot by Derek Roy.
15:52 of 1st period - Stopped by Ville Husso without a rebound.
15:53 of 1st period - Alexander Kerfoot wins face-off versus Matt Duchene in Panthers zone.
16:06 of 1st period - Snap shot by Alexander Kerfoot.
16:06 of 1st period - Shot Misses the Net.
16:08 of 1st period - Slapshot by Lawson Crouse.
16:08 of 1st period - Shot Blocked by Danny DeKeiser.
16:43 of 1st period - Wrist shot by Alexander Semin.
16:43 of 1st period - Stopped by Petr Mrazek without a rebound.
16:44 of 1st period - Elias Lindholm wins face-off versus Alexander Kerfoot in Canucks zone.
16:47 of 1st period - Snap shot by Elias Lindholm.
16:47 of 1st period - Stopped by Petr Mrazek with a rebound.
16:51 of 1st period - Slapshot by Alexander Semin.
16:51 of 1st period - Stopped by Petr Mrazek with a rebound.
16:53 of 1st period - Slapshot by Nikita Tryamkin.
16:53 of 1st period - Stopped by Petr Mrazek with a rebound.
16:55 of 1st period - Snap shot by Alexander Semin.
16:55 of 1st period - Stopped by Petr Mrazek with a rebound.
16:57 of 1st period - Backhand shot by Alexander Semin.
16:57 of 1st period - Stopped by Petr Mrazek without a rebound.
16:58 of 1st period - Matt Duchene wins face-off versus Alexander Kerfoot in Canucks zone.
17:01 of 1st period - Wrist shot by Kris Versteeg.
17:01 of 1st period - Shot Blocked by Tyler Myers.
17:03 of 1st period - Wrist shot by Kirill Kaprizov.
17:03 of 1st period - Shot Blocked by Alexander Kerfoot.
17:13 of 1st period - Snap shot by Kris Versteeg.
17:13 of 1st period - Shot Blocked by Lawson Crouse.
17:15 of 1st period - Wrist shot by Kris Versteeg.
17:15 of 1st period - Shot Misses the Net.
17:45 of 1st period - Wrist shot by Teemu Hartikainen.
17:45 of 1st period - Shot Misses the Net.
17:47 of 1st period - Slapshot by Brent Seabrook.
17:47 of 1st period - Deflect By Danny DeKeiser.
17:47 of 1st period - Stopped by Ville Husso with a rebound.
17:51 of 1st period - Snap shot by Alex Tuch.
17:51 of 1st period - Deflect By Teemu Hartikainen.
17:51 of 1st period - Shot Blocked by Victor Oreskovich.
17:51 of 1st period - Puck is out of play.
17:52 of 1st period - Matt Duchene wins face-off versus Gilbert Brule in Panthers zone.
18:08 of 1st period - Minor Penalty to Kirill Kaprizov for Tripping.
18:09 of 1st period - Quinton Howden wins face-off versus Alexander Kerfoot in Panthers zone.
18:09 of 1st period - Quinton Howden is hit by Alexander Kerfoot.
18:14 of 1st period - Denis Gurianov is hit by Danny DeKeiser and loses puck.
18:25 of 1st period - Kris Versteeg is hit by Alexander Kerfoot and loses puck.
19:07 of 1st period - Chris Bourque is hit by Alex Iafallo and loses puck.
19:28 of 1st period - Ben Harpur is hit by Quinton Howden and loses puck.
Goals for this period are 1 for Canucks vs 2 for Panthers.
Shots for this period are 9 for Canucks vs 9 for Panthers.
2nd period
0:01 of 2nd period - Quinton Howden wins face-off versus Alexander Kerfoot in neutral zone.
0:08 of 2nd period - Penalty to Kirill Kaprizov is over, Kirill Kaprizov is back on ice.
0:58 of 2nd period - Wrist shot by Elias Lindholm.
0:58 of 2nd period - Stopped by Petr Mrazek with a rebound.
2:29 of 2nd period - Snap shot by Danny DeKeiser.
2:29 of 2nd period - Stopped by Petr Mrazek with a rebound.
2:31 of 2nd period - Slapshot by Danny DeKeiser.
2:31 of 2nd period - Stopped by Petr Mrazek without a rebound.
2:32 of 2nd period - Gilbert Brule wins face-off versus Matt Duchene in Canucks zone.
2:39 of 2nd period - Wrist shot by Gilbert Brule.
2:39 of 2nd period - Stopped by Ville Husso with a rebound.
2:57 of 2nd period - Wrist shot by Matt Duchene.
2:57 of 2nd period - Stopped by Petr Mrazek without a rebound.
2:58 of 2nd period - Alexander Kerfoot wins face-off versus Miro Aaltonen in Canucks zone.
3:09 of 2nd period - Wrist shot by Miro Aaltonen.
3:09 of 2nd period - Shot Misses the Net.
3:25 of 2nd period - Niklas Hansson is hit by Oliver Ekman-Larsson.
4:03 of 2nd period - Wrist shot by Tyler Myers.
4:03 of 2nd period - Stopped by Ville Husso without a rebound.
4:04 of 2nd period - Alexander Kerfoot wins face-off versus Quinton Howden in Panthers zone.
4:35 of 2nd period - Wrist shot by Alex Goligoski.
4:35 of 2nd period - Shot Blocked by Denis Gurianov.
4:37 of 2nd period - Slapshot by Matt Duchene.
4:37 of 2nd period - Shot Misses the Net.
4:39 of 2nd period - Snap shot by Kris Versteeg.
4:39 of 2nd period - Stopped by Petr Mrazek with a rebound.
4:50 of 2nd period - Minor Penalty to Victor Oreskovich for Slashing.
4:51 of 2nd period - Alexander Kerfoot wins face-off versus Quinton Howden in Panthers zone.
4:55 of 2nd period - Slapshot by Alexander Kerfoot.
4:55 of 2nd period - Goal by Alexander Kerfoot - Canucks : 2 - Panthers : 2.
4:56 of 2nd period - Alexander Kerfoot wins face-off versus Matt Duchene in neutral zone.
5:02 of 2nd period - Off-side.
5:03 of 2nd period - Matt Duchene wins face-off versus Alexander Kerfoot in neutral zone.
5:36 of 2nd period - Wrist shot by Kris Versteeg.
5:36 of 2nd period - Shot Misses the Net.
6:28 of 2nd period - Snap shot by Matt Duchene.
6:28 of 2nd period - Shot Blocked by J.T. Miller.
6:36 of 2nd period - Snap shot by Oliver Ekman-Larsson.
6:36 of 2nd period - Stopped by Ville Husso with a rebound.
6:38 of 2nd period - Slapshot by Travis Hamonic.
6:38 of 2nd period - Stopped by Ville Husso without a rebound.
6:39 of 2nd period - Robert Nilsson wins face-off versus Miro Aaltonen in Panthers zone.
7:30 of 2nd period - Wrist shot by Gilbert Brule.
7:30 of 2nd period - Deflect By Teemu Hartikainen.
7:30 of 2nd period - Goal by Teemu Hartikainen - Canucks : 3 - Panthers : 2.
7:31 of 2nd period - Alex Iafallo wins face-off versus Robert Nilsson in neutral zone.
7:39 of 2nd period - Off-side.
7:40 of 2nd period - Miro Aaltonen wins face-off versus Robert Nilsson in neutral zone.
7:45 of 2nd period - Tony DeAngelo is hit by Niklas Hansson.
7:57 of 2nd period - Wrist shot by Robert Nilsson.
7:57 of 2nd period - Stopped by Ville Husso without a rebound.
7:58 of 2nd period - Alexander Kerfoot wins face-off versus Matt Duchene in Panthers zone.
8:25 of 2nd period - Oliver Ekman-Larsson is hit by Danny DeKeiser and loses puck.
8:30 of 2nd period - Snap shot by Miro Aaltonen.
8:30 of 2nd period - Shot Blocked by Travis Hamonic.
8:32 of 2nd period - Snap shot by Alex Iafallo.
8:32 of 2nd period - Stopped by Petr Mrazek without a rebound.
8:33 of 2nd period - Miro Aaltonen wins face-off versus Alexander Kerfoot in Canucks zone.
8:38 of 2nd period - Wrist shot by Alex Iafallo.
8:38 of 2nd period - Shot Misses the Net.
9:16 of 2nd period - Icing by Denis Gurianov.
9:17 of 2nd period - Robert Nilsson wins face-off versus Elias Lindholm in Canucks zone.
9:32 of 2nd period - Slapshot by Danny DeKeiser.
9:32 of 2nd period - Deflect By J.T. Miller.
9:32 of 2nd period - Stopped by Petr Mrazek without a rebound.
9:33 of 2nd period - Matt Duchene wins face-off versus Robert Nilsson in Canucks zone.
9:58 of 2nd period - Oliver Ekman-Larsson is hit by Victor Oreskovich and loses puck.
10:18 of 2nd period - Off-side.
10:19 of 2nd period - Elias Lindholm wins face-off versus Jeremy Morin in neutral zone.
10:23 of 2nd period - Off-side.
10:24 of 2nd period - Derek Roy wins face-off versus Matt Duchene in neutral zone.
11:29 of 2nd period - Slapshot by Tony DeAngelo.
11:29 of 2nd period - Stopped by Ville Husso with a rebound.
11:31 of 2nd period - Snap shot by Tyler Myers.
11:31 of 2nd period - Stopped by Ville Husso with a rebound.
11:39 of 2nd period - Denis Gurianov is hit by Nikita Tryamkin and loses puck.
11:52 of 2nd period - Snap shot by J.T. Miller.
11:52 of 2nd period - Shot Misses the Net.
12:06 of 2nd period - Snap shot by Quinton Howden.
12:06 of 2nd period - Shot Hit the Post.
12:08 of 2nd period - Snap shot by Jerry D'Amigo.
12:08 of 2nd period - Deflect By Blake Geoffrion.
12:08 of 2nd period - Stopped by Petr Mrazek with a rebound.
12:10 of 2nd period - Snap shot by Griffin Reinhart.
12:10 of 2nd period - Shot Blocked by Oliver Ekman-Larsson.
12:12 of 2nd period - Wrist shot by Quinton Howden.
12:12 of 2nd period - Shot Misses the Net.
12:14 of 2nd period - Snap shot by Quinton Howden.
12:14 of 2nd period - Shot Misses the Net.
12:16 of 2nd period - Slapshot by Nikita Tryamkin.
12:16 of 2nd period - Stopped by Petr Mrazek with a rebound.
12:18 of 2nd period - Snap shot by Jerry D'Amigo.
12:18 of 2nd period - Deflect By Travis Hamonic.
12:18 of 2nd period - Stopped by Petr Mrazek without a rebound.
12:19 of 2nd period - Matt Duchene wins face-off versus Alexander Kerfoot in Canucks zone.
12:20 of 2nd period - Snap shot by Kirill Kaprizov.
12:20 of 2nd period - Shot Misses the Net.
12:32 of 2nd period - Wrist shot by Alexander Kerfoot.
12:32 of 2nd period - Deflect By Lawson Crouse.
12:32 of 2nd period - Stopped by Ville Husso without a rebound.
12:33 of 2nd period - Alexander Kerfoot wins face-off versus Miro Aaltonen in Panthers zone.
12:48 of 2nd period - Wrist shot by J.T. Miller.
12:48 of 2nd period - Stopped by Ville Husso without a rebound.
12:49 of 2nd period - Alexander Kerfoot wins face-off versus Matt Duchene in Panthers zone.
12:54 of 2nd period - Slapshot by J.T. Miller.
12:54 of 2nd period - Shot Misses the Net.
13:04 of 2nd period - Snap shot by Matt Duchene.
13:04 of 2nd period - Stopped by Petr Mrazek without a rebound.
13:05 of 2nd period - Robert Nilsson wins face-off versus Miro Aaltonen in Canucks zone.
13:36 of 2nd period - Tony DeAngelo is hit by Kirill Kaprizov and loses puck.
13:47 of 2nd period - Minor Penalty to Kris Versteeg for Holding.
13:48 of 2nd period - Alexander Kerfoot wins face-off versus Quinton Howden in Panthers zone.
13:53 of 2nd period - Backhand shot by Alexander Kerfoot.
13:53 of 2nd period - Stopped by Ville Husso with a rebound.
13:55 of 2nd period - Slapshot by Travis Hamonic.
13:55 of 2nd period - Shot Blocked by Alex Goligoski.
15:47 of 2nd period - Penalty to Kris Versteeg is over, Kris Versteeg is back on ice.
16:01 of 2nd period - Slapshot by Matt Duchene.
16:01 of 2nd period - Shot Misses the Net.
16:03 of 2nd period - Slapshot by Danny DeKeiser.
16:03 of 2nd period - Deflect By Kris Versteeg.
16:03 of 2nd period - Goal by Kris Versteeg - Canucks : 3 - Panthers : 3.
16:04 of 2nd period - Matt Duchene wins face-off versus Robert Nilsson in neutral zone.
16:54 of 2nd period - Slapshot by Derek Roy.
16:54 of 2nd period - Shot Blocked by Alexander Semin.
18:35 of 2nd period - Denis Gurianov is hit by Matt Duchene and loses puck.
18:42 of 2nd period - Kirill Kaprizov is hit by Robert Nilsson and loses puck.
19:57 of 2nd period - Lawson Crouse is hit by Matt Duchene and loses puck.
Goals for this period are 2 for Canucks vs 1 for Panthers.
Shots for this period are 12 for Canucks vs 12 for Panthers.
3rd period
0:01 of 3rd period - Alexander Kerfoot wins face-off versus Matt Duchene in neutral zone.
0:12 of 3rd period - J.T. Miller is hit by Danny DeKeiser and loses puck.
0:27 of 3rd period - Robert Nilsson is hit by Miro Aaltonen and loses puck.
0:36 of 3rd period - Tyler Myers is hit by Alex Iafallo and loses puck.
0:53 of 3rd period - Danny DeKeiser is hit by Robert Nilsson and loses puck.
1:04 of 3rd period - Slapshot by Chris Bourque.
1:04 of 3rd period - Stopped by Ville Husso with a rebound.
1:23 of 3rd period - Minor Penalty to Robert Nilsson for Holding.
1:24 of 3rd period - Gilbert Brule wins face-off versus Kris Versteeg in Canucks zone.
1:35 of 3rd period - Wrist shot by Alex Goligoski.
1:35 of 3rd period - Stopped by Petr Mrazek with a rebound.
2:00 of 3rd period - Icing by Kris Versteeg.
2:01 of 3rd period - Matt Duchene wins face-off versus Derek Roy in Panthers zone.
2:46 of 3rd period - Derek Roy is hit by Miro Aaltonen and loses puck.
3:23 of 3rd period - Penalty to Robert Nilsson is over, Robert Nilsson is back on ice.
3:32 of 3rd period - Snap shot by Alexander Kerfoot.
3:32 of 3rd period - Shot Misses the Net.
3:34 of 3rd period - Snap shot by Lawson Crouse.
3:34 of 3rd period - Deflect By Alex Pietrangelo.
3:34 of 3rd period - Shot Misses the Net.
3:34 of 3rd period - Puck is out of play.
3:35 of 3rd period - Lawson Crouse wins face-off versus Quinton Howden in Panthers zone.
4:24 of 3rd period - Wrist shot by Quinton Howden.
4:24 of 3rd period - Stopped by Petr Mrazek without a rebound.
4:25 of 3rd period - Robert Nilsson wins face-off versus Matt Duchene in Canucks zone.
4:33 of 3rd period - Minor Penalty to Matt Duchene for Hooking.
4:34 of 3rd period - Alexander Kerfoot wins face-off versus Quinton Howden in Panthers zone.
4:48 of 3rd period - Wrist shot by J.T. Miller.
4:48 of 3rd period - Stopped by Ville Husso with a rebound.
5:10 of 3rd period - Miro Aaltonen is hit by Lawson Crouse.
5:15 of 3rd period - Off-side.
5:16 of 3rd period - Alexander Kerfoot wins face-off versus Kris Versteeg in neutral zone.
5:19 of 3rd period - Snap shot by J.T. Miller.
5:19 of 3rd period - Stopped by Ville Husso without a rebound.
5:20 of 3rd period - Alexander Kerfoot wins face-off versus Quinton Howden in Panthers zone.
5:38 of 3rd period - Off-side.
5:39 of 3rd period - Quinton Howden wins face-off versus Robert Nilsson in neutral zone.
5:48 of 3rd period - Slapshot by Travis Hamonic.
5:48 of 3rd period - Shot Misses the Net.
5:50 of 3rd period - Wrist shot by Lawson Crouse.
5:50 of 3rd period - Stopped by Ville Husso without a rebound.
5:51 of 3rd period - Quinton Howden wins face-off versus Alexander Kerfoot in Panthers zone.
6:00 of 3rd period - Slapshot by Oliver Ekman-Larsson.
6:00 of 3rd period - Shot Misses the Net.
6:02 of 3rd period - Snap shot by Denis Gurianov.
6:02 of 3rd period - Shot Misses the Net.
6:04 of 3rd period - Slapshot by J.T. Miller.
6:04 of 3rd period - Stopped by Ville Husso with a rebound.
6:33 of 3rd period - Penalty to Matt Duchene is over, Matt Duchene is back on ice.
7:10 of 3rd period - Tony DeAngelo is hit by Victor Oreskovich and loses puck.
7:23 of 3rd period - J.T. Miller is hit by Kirill Kaprizov.
7:44 of 3rd period - Snap shot by Quinton Howden.
7:44 of 3rd period - Shot Misses the Net.
7:46 of 3rd period - Snap shot by Nikita Tryamkin.
7:46 of 3rd period - Stopped by Petr Mrazek without a rebound.
7:47 of 3rd period - Quinton Howden wins face-off versus Chris Bourque in Canucks zone.
7:58 of 3rd period - Snap shot by Chris Bourque.
7:58 of 3rd period - Goal by Chris Bourque - Canucks : 4 - Panthers : 3.
7:59 of 3rd period - Alexander Kerfoot wins face-off versus Matt Duchene in neutral zone.
9:09 of 3rd period - Wrist shot by Alexander Kerfoot.
9:09 of 3rd period - Shot Blocked by Alex Goligoski.
9:11 of 3rd period - Snap shot by Lawson Crouse.
9:11 of 3rd period - Stopped by Ville Husso without a rebound.
9:12 of 3rd period - Alexander Kerfoot wins face-off versus Quinton Howden in Panthers zone.
9:17 of 3rd period - Wrist shot by Alexander Kerfoot.
9:17 of 3rd period - Stopped by Ville Husso with a rebound.
9:19 of 3rd period - Wrist shot by J.T. Miller.
9:19 of 3rd period - Stopped by Ville Husso without a rebound.
9:20 of 3rd period - Matt Duchene wins face-off versus Alexander Kerfoot in Panthers zone.
9:20 of 3rd period - Matt Duchene is hit by Travis Hamonic.
9:26 of 3rd period - Slapshot by Kris Versteeg.
9:26 of 3rd period - Deflect By Kirill Kaprizov.
9:26 of 3rd period - Shot Misses the Net.
9:26 of 3rd period - Puck is out of play.
9:27 of 3rd period - Alexander Kerfoot wins face-off versus Matt Duchene in Canucks zone.
9:27 of 3rd period - Alexander Kerfoot is hit by Matt Duchene.
9:59 of 3rd period - Wrist shot by Victor Oreskovich.
9:59 of 3rd period - Deflect By Miro Aaltonen.
9:59 of 3rd period - Shot Misses the Net.
9:59 of 3rd period - Puck is out of play.
10:00 of 3rd period - Alexander Kerfoot wins face-off versus Victor Oreskovich in Canucks zone.
10:12 of 3rd period - Slapshot by Alex Pietrangelo.
10:12 of 3rd period - Stopped by Petr Mrazek without a rebound.
10:13 of 3rd period - Matt Duchene wins face-off versus Alexander Kerfoot in Canucks zone.
10:38 of 3rd period - Alex Pietrangelo is hit by Oliver Ekman-Larsson and loses puck.
11:17 of 3rd period - Minor Penalty to Tony DeAngelo for High sticking.
11:18 of 3rd period - Robert Nilsson wins face-off versus Matt Duchene in Canucks zone.
11:31 of 3rd period - Slapshot by Alex Goligoski.
11:31 of 3rd period - Stopped by Petr Mrazek without a rebound.
11:32 of 3rd period - Matt Duchene wins face-off versus Robert Nilsson in Canucks zone.
11:33 of 3rd period - Snap shot by Kris Versteeg.
11:33 of 3rd period - Stopped by Petr Mrazek without a rebound.
11:34 of 3rd period - Robert Nilsson wins face-off versus Matt Duchene in Canucks zone.
11:34 of 3rd period - Robert Nilsson is hit by Kris Versteeg.
11:44 of 3rd period - Slapshot by Kris Versteeg.
11:44 of 3rd period - Shot Blocked by Travis Hamonic.
12:12 of 3rd period - J.T. Miller is hit by Alex Pietrangelo and loses puck.
13:03 of 3rd period - Chris Bourque is hit by Alex Iafallo.
13:17 of 3rd period - Penalty to Tony DeAngelo is over, Tony DeAngelo is back on ice.
13:41 of 3rd period - Slapshot by Griffin Reinhart.
13:41 of 3rd period - Shot Blocked by Tyler Myers.
13:43 of 3rd period - Snap shot by Jerry D'Amigo.
13:43 of 3rd period - Stopped by Petr Mrazek without a rebound.
13:44 of 3rd period - Quinton Howden wins face-off versus Derek Roy in Canucks zone.
14:09 of 3rd period - Denis Gurianov is hit by Blake Geoffrion and loses puck.
14:20 of 3rd period - Denis Gurianov is hit by Blake Geoffrion and loses puck.
14:38 of 3rd period - Matt Duchene is hit by Brent Seabrook and loses puck.
14:57 of 3rd period - Ben Harpur is hit by Miro Aaltonen and loses puck.
15:40 of 3rd period - Kirill Kaprizov is hit by Chris Bourque and loses puck.
16:43 of 3rd period - Wrist shot by Chris Bourque.
16:43 of 3rd period - Stopped by Ville Husso with a rebound.
17:17 of 3rd period - Alex Iafallo is hit by Tyler Myers.
17:43 of 3rd period - Tyler Myers is hit by Petr Straka and loses puck.
18:23 of 3rd period - Minor Penalty to Lawson Crouse for Hooking.
18:24 of 3rd period - Robert Nilsson wins face-off versus Matt Duchene in Canucks zone.
19:10 of 3rd period - Panthers, Ville Husso is pulled from the net.
Goals for this period are 1 for Canucks vs 0 for Panthers.
Shots for this period are 10 for Canucks vs 7 for Panthers.
Output by the SimonT Hockey Simulator (STHS) for Francois Prevost